 Dungeon Crawl Stone Soup version 0.20-a0-313-g10ed074 (webtiles) character file.

650 Promi the Sneak (level 7, -15/58 HPs)
             Began as a Purple Draconian Fire Elementalist on Dec 20, 2016.
             Was an Initiate of Ashenzari.
             Demolished by an orc warrior
             ... wielding a +0 scimitar
              (24 damage)
             ... on level 6 of the Dungeon.
             The game lasted 00:20:03 (5838 turns).

Promi the Sneak (DrFE)                              Turns: 5838, Time: 00:20:04

Health: -15/58     AC:  6    Str: 10    XL:     7   Next: 28%
Magic:  8/11       EV: 12    Int: 18    God:    Ashenzari [......]
Gold:   120        SH:  0    Dex: 11    Spells: 6/12 levels left

rFire  . . .     SeeInvis .     h - +0 dagger (venom)
rCold  . . .     Gourm    .     (armour unavailable)
rNeg   . . .     Faith    .     (no shield)
rPois  .         Spirit   .     (helmet restricted)
rElec  .         Reflect  .     (no cloak)
rCorr  .         Harm     .     (no gloves)
MR     +....                    (no boots)
Stlth  +++.......               (no amulet)
                                (no ring)
                                (no ring)

@: no status effects
A: breathe power, unfitting armour, mutation resistance 1, cold-blooded, AC +6
a: Breathe Dispelling Energy, Curse Item, Renounce Religion


You were on level 6 of the Dungeon.
You worshipped Ashenzari.
Ashenzari was noncommittal.
You were very hungry.

You visited 2 branches of the dungeon, and saw 7 of its levels.

You collected 120 gold pieces.

Inventory:

Hand Weapons
 g - a +0 long sword
 h - a +0 dagger of venom (weapon)
Armour
 j - a +0 shield
Wands
 r - a wand of iceblast (9/15)
Scrolls
 e - a scroll of magic mapping
 k - a scroll of amnesia
 m - a scroll of remove curse
 n - 3 scrolls of identify
 o - a scroll of enchant weapon
 u - a scroll of teleportation {unknown}
Potions
 d - a potion of curing
 p - 2 potions of brilliance {unknown}
 q - 2 potions of berserk rage
Books
 a - a book of Flames

   Spells                             Type                      Level
   a - Flame Tongue                   Conjuration/Fire             1
   b - Throw Flame                    Conjuration/Fire             2
   c - Conjure Flame                  Conjuration/Fire             3
   d - Inner Flame                    Hexes/Fire                   3
   e - Sticky Flame                   Conjuration/Fire             4
   f - Fireball                       Conjuration/Fire             5
Comestibles
 b - 3 bread rations
 c - 4 fruits
 f - 2 beef jerkies
 i - 2 meat rations


   Skills:
 + Level 3.8 Fighting
 - Level 3.2 Short Blades
 + Level 2.5 Dodging
 + Level 4.5 Stealth
 + Level 3.2 Spellcasting
 + Level 2.1 Conjurations
 + Level 3.8 Fire Magic


You had 6 spell levels left.
You knew the following spells:

 Your Spells              Type           Power        Failure   Level  Hunger
a - Flame Tongue          Conj/Fire      ##...        6%          1    None
b - Throw Flame           Conj/Fire      ##....       10%         2    ##.....
c - Conjure Flame         Conj/Fire      ##......     17%         3    ###....


Dungeon Overview and Level Annotations

Branches:
Dungeon (6/15)             Temple (1/1) D:4

Altars:
Ashenzari
Cheibriados
Dithmenos
Elyvilon
Fedhas
Hepliaklqana
Kikubaaqudgha
Makhleb
Nemelex Xobeh
Qazlal
Ru
Sif Muna
Trog
Uskayaw
Vehumet
Xom
Zin
The Shining One

Shops:
D:4 [   D:5 *   D:6 =

Annotations:
D:5 Sigmund
D:6 Edmund, Prince Ribbit


Innate Abilities, Weirdness & Mutations

You can breathe bolts of dispelling energy.
Your rich purple scales are hard. (AC +6)
You cannot fit into any form of body armour.
You are cold-blooded and may be slowed by cold attacks.
You are somewhat resistant to further mutation.


Message History

The orc warrior is heavily wounded.
The orc warrior hits you with a scimitar!!
Casting: Flame Tongue
Confirm with . or Enter, or press ? or * to list all spells.
Aiming: Flame Tongue
Press: ? - help, Shift-Dir - straight line, f/p - orc warrior
Aim: an orc warrior, wielding a scimitar and wearing a plate armour (heavily wounded)
The flame tongue hits the orc warrior.
The orc warrior appears unharmed.
The orc warrior is heavily wounded.
The orc warrior hits you with a scimitar!!
* * * LOW HITPOINT WARNING * * *
You barely miss the orc warrior.
The orc warrior is heavily wounded.
The orc warrior barely misses you.
You closely miss the orc warrior.
The orc warrior is heavily wounded.
You closely miss the orc warrior.
The orc warrior is heavily wounded.
The orc warrior hits you with a scimitar!!
You die...

#...# #...#....... ###.#
#.#...####.# #.# #.#####
#.# #.# #.# #.# #.# #.#
#.# #.#######.#
######.#### #.........#
#.........####
#########.###.###........#
#.o@.......##.##.#
#.###.###.###.##.#
#.........# #.##.#
#####.##### #.##.# #.#
#.##.# #.# #.##.# #.#
#.##.# #.# #(##.## #..
#...##


You could see an orc warrior.

Vanquished Creatures
  An ice beast (D:3)
  2 bullfrogs (D:6)
  A howler monkey (D:3)
  2 crimson imps
  2 hounds
  2 orc wizards
  An orc priest (D:4)
  An iguana (D:4)
  2 adders
  A shadow imp (D:6)
  An ooze (D:3)
  An adder skeleton (D:4)
  2 worms (D:2)
  A dart slug (D:1)
  6 leopard geckos
  14 orcs
  2 ball pythons
  5 giant cockroaches
  4 goblins
  8 hobgoblins
  8 jackals
  7 bats
  7 frilled lizards
  7 kobolds
  12 rats
100 creatures vanquished.

Notes
Turn   | Place    | Note
-------+----------+-------------------------------------------
     0 | D:1      | Promi the Draconian Fire Elementalist began the quest for the Orb.
     0 | D:1      | Reached XP level 1. HP: 14/14 MP: 3/3
   341 | D:1      | Reached XP level 2. HP: 17/22 MP: 0/5
   345 | D:1      | Learned a level 2 spell: Throw Flame
   525 | D:1      | Reached skill level 2 in Stealth
  1130 | D:1      | Reached skill level 1 in Fighting
  1139 | D:1      | Reached XP level 3. HP: 27/28 MP: 6/6
  1542 | D:2      | Reached skill level 1 in Short Blades
  1674 | D:2      | You fall through a shaft!
  1764 | D:3      | Reached XP level 4. HP: 11/35 MP: 7/7
  3157 | D:3      | Reached skill level 3 in Stealth
  3157 | D:3      | Reached XP level 5. HP: 25/41 MP: 8/8
  3409 | D:2      | Learned a level 3 spell: Conjure Flame
  3526 | D:4      | Noticed an ice beast
  3750 | D:4      | Found a staircase to the Ecumenical Temple.
  3758 | Temple   | Entered the Ecumenical Temple
  3865 | Temple   | Became a worshipper of Ashenzari the Shackled
  4338 | D:3      | Killed an ice beast
  4338 | D:3      | Reached XP level 6. HP: 51/51 MP: 1/9
  4483 | D:4      | Found Dufreuj's Armour Emporium.
  4612 | D:4      | Reached skill level 4 in Stealth
  5247 | D:4      | Gained mutation: You are somewhat resistant to further mutation. [potion of mutation]
  5317 | D:5      | Entered Level 5 of the Dungeon
  5317 | D:5      | Noticed Sigmund
  5400 | D:5      | Found Faibowaum's Assorted Antiques.
  5454 | D:6      | Noticed Edmund
  5475 | D:6      | Found Zoluruis's Jewellery Emporium.
  5542 | D:6      | Noticed Prince Ribbit
  5572 | D:6      | Your scales start taking on a rich purple colour.
  5572 | D:6      | Reached XP level 7. HP: 56/57 MP: 11/11
  5838 | D:6      | Demolished by an orc warrior

Vault maps used:
D:1:      saegor_arrival_under_anarchy
D:2:      serial_forest, infiniplex_forest_3_way, infiniplex_forest_straight_1,
          infiniplex_forest_corner_2, infiniplex_forest_lined_2,
          infiniplex_forest_lined_2, infiniplex_forest_zigzag_1
D:3:      first_bread
D:4:      serial_shops, nicolae_shop_waterfront, kennysheep_opposing_triangles
D:5:      nicolae_overflow_hidden_temple, serial_shops, shop, uniq_sigmund,
          uniq_crazy_yiuf_cottage
D:6:      serial_shops, shop, xom_redecorated, uniq_prince_ribbit1, uniq_edmund
Temple:   dpeg_five_rooms_temple

Skill      XL: |  1  2  3  4  5  6  7 |
---------------+----------------------+-----
Stealth        | 2 3 4 |  4.5
Dodging        | 2 |  2.5
Fighting       | 1 2 3 |  3.8
Short Blades   | 1 2 3 |  3.2
Spellcasting   | 3 |  3.2
Conjurations   | 2 |  2.1
Fire Magic     | |  3.8

Action                   |  1- 3 |  4- 6 |  7- 9 || total
-------------------------+-------+-------+-------++-------
Melee: Dagger            |   101 |   220 |    25 ||   346
       Tailslap          |     7 |    19 |     2 ||    28
 Cast: Flame Tongue      |    23 |    15 |     3 ||    41
       Throw Flame       |       |    15 |       ||    15
  Use: Scroll            |     3 |     5 |       ||     8
       Potion            |       |     4 |       ||     4
 Stab: Sleeping          |     1 |     3 |       ||     4
  Eat: Chunk             |     3 |    11 |       ||    14
       Royal jelly       |       |     1 |       ||     1
Armor: Skin              |    41 |    55 |     4 ||   100
Dodge: Dodged            |    73 |   116 |    23 ||   212
